Map: Línea Aguablanca EE

Players

kronos

  • Race: Zerg Zerg
  • League: Gold
  • Spawn Location: 6:00

kksuprema

  • Race: Terran Terran
  • League: Gold
  • Spawn Location: 7:00

Bezk

  • Race: Terran Terran
  • League: Gold
  • Spawn Location: 7:00

MrFercho

  • Race: Zerg Zerg
  • League: Gold
  • Spawn Location: 1:00

tigro

  • Race: Terran Terran
  • League: Bronze
  • Spawn Location: 12:00

TATORREA

  • Race: Protoss Protoss
  • League: Gold
  • Spawn Location: 1:00

VOD

Have the link to the VOD?

Description

Time

  • Played on: July 27, 2020, 8:40 p.m.
  • Length: 17:46
Show
View Real Time Build Order
Export as new Build Order

kronos Zerg 

Build Orders: Hatch First 

Get SALT Encoding   

  12  0:01  Drone  
  13  0:12  Overlord  
  13  0:18  Drone  
  14  0:30  Drone x2  
  16  0:50  Hatchery  
  16  0:54  Drone  
  16  0:58  Drone  
  16  1:02  Drone  
  18  1:12  Extractor  
  18  1:17  Spawning Pool  
  16  1:23  Drone  
  16  1:24  Drone  
  18  1:30  Drone  
  19  1:47  Overlord  
  19  2:04  Queen x2  
  19  2:06  Drone x3  
  26  2:15  Drone x2  
  28  2:26  Drone  
  29  2:33  Extractor  
  28  2:37  Drone  
  28  2:38  Drone x2  
  28  2:41  Lair  
  31  2:49  Drone x2  
  33  2:57  Overlord  
  33  3:00  Drone  
  34  3:18  Hatchery  
  33  3:20  Drone  
  33  3:21  Drone x5  
  39  3:29  Drone x2  
  39  3:30  Drone x2  
  43  3:40  Spire  
  42  3:43  Drone x2  
  44  3:57  Spire  
  44  3:58  Overlord  
  44  3:59  Overlord  
  43  4:05  Extractor  
  43  4:08  Overlord  
  42  4:20  Drone x3  
  42  4:21  Drone  
  46  4:26  Extractor  
  46  4:27  Drone x2  
  46  4:28  Drone  
  46  4:30  Queen  
  46  4:31  Drone  
  51  4:37  Drone  
  52  4:41  Infestation Pit  
  51  4:45  Overseer  
  52  4:52  Drone  
  52  4:53  Drone  
  52  4:59  Zerg Flyer Weapons Level 1  
  53  5:12  Drone  
  53  5:13  Zerg Flyer Armor Level 1  
  54  5:21  Hive  
  54  5:58  Mutalisk  
  54  5:59  Mutalisk x4  
  54  6:02  Overlord x2  
  64  6:12  Hatchery  
  64  6:16  Drone x3  
  64  6:18  Overlord x4  
  66  6:31  Mutalisk x2  
  66  6:32  Mutalisk x2  
  74  6:56  Zerg Flyer Weapons Level 2  
  66  7:10  Zerg Flyer Armor Level 2  
  65  7:50  Mutalisk  
  65  7:51  Mutalisk x3  
  73  8:43  Extractor  
  73  8:45  Hatchery  
  73  8:46  Hatchery  
  70  9:07  Extractor  
  69  9:13  Zerg Flyer Weapons Level 3  
  69  9:28  Zerg Flyer Armor Level 3  
  69  9:44  Mutalisk x3  
  69  9:45  Mutalisk x4  
  83  9:59  Queen  
  85  10:12  Drone x2  
  87  10:16  Drone  
  87  10:17  Drone  
  89  10:35  Drone x2  
  91  10:40  Drone x2  
  91  10:41  Drone  
  90  11:08  Mutalisk x8  
  90  11:09  Mutalisk x4  
  114  11:21  Drone x3  
  114  11:22  Drone x2  
  114  11:24  Drone  
  118  11:50  Mutalisk  
  120  11:57  Greater Spire  
  120  12:22  Overlord x3  
  120  12:23  Overlord x2  
  120  12:25  Pneumatized Carapace  
  120  12:47  Mutalisk  
  120  12:48  Mutalisk x11  
  132  13:40  Mutalisk  
  132  13:41  Mutalisk x8  
  122  14:34  Mutalisk  
  122  14:35  Mutalisk x8  
  137  14:40  Extractor  
  137  14:42  Extractor  
  127  15:05  Drone x2  
  127  15:06  Drone x2  
  131  15:14  Drone x14  
  145  15:21  Overseer  
  145  15:23  Mutalisk x3  
  145  15:26  Overlord x5  
  149  15:58  Mutalisk x11  
  141  17:15  Hatchery  
Show
View Real Time Build Order
Export as new Build Order

kksuprema Terran 

Build Orders: 2 Factory 

Get SALT Encoding   

  12  0:14  SCV  
  12  0:15  Supply Depot  
  13  0:26  SCV  
  14  0:38  Barracks, SCV  
  15  0:51  Refinery, SCV  
  16  1:03  SCV  
  17  1:31  Command Center  
  17  1:53  Orbital Command  
  17  2:11  Factory  
  17  2:21  SCV  
  18  2:33  SCV  
  19  2:37  Refinery  
  19  2:45  SCV  
  19  2:46  Orbital Command  
  20  2:54  Barracks Reactor  
  20  2:57  SCV  
  21  2:59  Factory  
  21  3:09  SCV  
  22  3:21  SCV  
  23  3:28  Supply Depot  
  23  3:33  SCV  
  24  3:41  Barracks Reactor  
  24  3:43  SCV  
  24  3:46  SCV  
  24  3:47  Armory  
  26  3:55  SCV  
  27  3:58  SCV  
  27  4:01  Widow Mine x2  
  32  4:06  Supply Depot  
  32  4:07  SCV  
  33  4:10  Supply Depot  
  33  4:19  Factory Reactor, SCV  
  33  4:21  Factory Tech Lab  
  33  4:23  Widow Mine x2  
  38  4:31  SCV  
  39  4:39  Drilling Claws  
  39  4:43  SCV  
  39  4:44  Widow Mine x2  
  44  4:47  Supply Depot  
  44  4:49  Supply Depot  
  44  4:55  SCV  
  45  5:07  SCV  
  45  5:11  Supply Depot  
  45  5:13  Supply Depot  
  45  5:14  Terran Vehicle And Ship Armor Level 1  
  46  5:19  SCV  
  47  5:22  Widow Mine x2  
  47  5:24  Barracks Reactor  
  47  5:25  Factory  
  51  5:32  SCV  
  51  5:34  Supply Depot  
  52  5:35  Supply Depot  
  52  5:44  SCV  
  53  5:52  Widow Mine x2  
  53  5:56  SCV  
  58  6:08  SCV  
  59  6:12  Widow Mine x2  
  59  6:13  Widow Mine x2  
  59  6:15  Barracks Reactor  
  67  6:19  Refinery  
  67  6:20  SCV  
  67  6:22  Widow Mine x2  
  72  6:33  Widow Mine x2  
  72  6:34  Widow Mine x2  
  80  6:55  Widow Mine x4  
  80  6:56  Widow Mine  
  90  7:04  Widow Mine  
  90  7:07  Refinery  
  92  7:16  Widow Mine x2  
  92  7:17  Widow Mine x3  
  94  7:39  Widow Mine x3  
  94  7:40  Widow Mine x3  
  88  7:56  Orbital Command  
  88  8:00  Widow Mine  
  88  8:01  Widow Mine x2  
  93  8:25  SCV  
  94  8:37  SCV  
  94  8:39  Widow Mine  
  94  8:40  Widow Mine x2  
  101  8:46  Widow Mine x3  
  107  8:49  Supply Depot, SCV  
  108  9:01  Widow Mine  
  110  9:07  Factory  
  110  9:10  SCV  
  110  9:11  Widow Mine x3  
  110  9:13  Supply Depot  
  110  9:15  Supply Depot  
  117  9:22  SCV  
  118  9:35  Widow Mine x4  
  118  9:37  Widow Mine, SCV  
  117  9:49  SCV  
  114  9:54  Widow Mine  
  114  9:56  Widow Mine x4  
  114  9:58  Widow Mine  
  127  10:00  SCV  
  127  10:01  SCV  
  128  10:09  Supply Depot  
  128  10:11  Supply Depot  
  128  10:12  SCV  
  128  10:13  SCV  
  130  10:15  Widow Mine  
  130  10:17  Widow Mine  
  134  10:31  Widow Mine x3, SCV x2  
  134  10:32  Widow Mine x2  
  134  10:33  Widow Mine  
  148  10:37  Widow Mine  
  148  10:41  Supply Depot x2, Widow Mine  
  152  10:43  SCV x2  
  150  10:53  Widow Mine x3  
  150  10:54  Widow Mine x2  
  150  10:55  SCV x2  
  158  11:02  Widow Mine x3  
  164  11:07  SCV  
  164  11:09  Supply Depot  
  165  11:13  Supply Depot  
  165  11:14  Widow Mine x3  
  165  11:15  Widow Mine  
  173  11:19  SCV, Widow Mine  
  173  11:24  Widow Mine x2  
  180  11:32  SCV  
  161  11:44  SCV  
  160  11:53  Supply Depot  
  144  12:01  Widow Mine x8  
  144  12:02  Command Center  
  150  12:22  Widow Mine  
  160  12:23  Widow Mine x7  
  160  12:24  Terran Vehicle And Ship Armor Level 2  
  166  12:43  Widow Mine  
  158  12:44  Widow Mine x4  
  142  12:57  Widow Mine  
  142  12:58  Widow Mine x2  
  120  13:05  Widow Mine x5  
  106  13:19  Widow Mine x3  
  112  13:26  Widow Mine  
  122  13:27  Widow Mine x4  
  122  13:40  Widow Mine x2  
  122  13:41  Widow Mine  
  128  13:48  Widow Mine x5  
  138  14:14  Widow Mine  
  138  14:15  Widow Mine x7  
  147  14:36  Widow Mine x5  
  147  15:07  Widow Mine x4  
  147  15:08  Widow Mine x4  
  162  15:28  Widow Mine x2  
  162  15:29  Widow Mine x6  
  146  15:50  Widow Mine x6  
  154  16:37  Command Center  
Show
View Real Time Build Order
Export as new Build Order

Bezk Terran 

Build Orders: 2 Factory, Mech 

Get SALT Encoding   

  12  0:03  SCV  
  13  0:15  SCV  
  13  0:20  Supply Depot  
  14  0:28  SCV  
  15  0:37  Refinery  
  15  0:42  SCV  
  16  0:48  Barracks  
  16  0:54  SCV  
  17  1:06  SCV  
  18  1:18  SCV  
  19  1:30  SCV  
  20  1:43  Command Center  
  20  1:48  Orbital Command  
  20  2:03  Supply Depot  
  20  2:13  SCV  
  21  2:18  Refinery  
  21  2:33  Bunker  
  21  2:38  Bunker  
  21  2:40  Marine  
  22  2:46  SCV  
  23  2:58  Marine, SCV  
  24  3:00  Factory  
  24  3:03  Factory  
  25  3:10  SCV  
  26  3:16  Marine  
  27  3:22  Orbital Command, SCV  
  28  3:34  Marine, SCV  
  28  3:41  Factory  
  30  3:46  SCV  
  30  3:47  Factory  
  31  3:58  SCV  
  32  4:02  Supply Depot  
  32  4:07  Supply Depot  
  32  4:09  Supply Depot x2  
  32  4:10  SCV  
  32  4:16  Armory  
  33  4:21  Armory  
  34  4:24  SCV  
  34  4:28  SCV  
  35  4:36  SCV  
  36  4:40  Factory Tech Lab, SCV  
  36  4:41  Factory Tech Lab x3  
  37  4:48  SCV  
  38  4:54  SCV  
  39  5:00  SCV  
  39  5:01  Refinery  
  39  5:06  SCV  
  41  5:12  SCV  
  42  5:17  Terran Vehicle And Ship Armor Level 1, Terran Vehicle Weapons Level 1  
  42  5:18  SCV  
  43  5:24  SCV  
  43  5:27  Refinery  
  44  5:30  SCV  
  45  5:36  SCV  
  47  5:42  SCV  
  47  5:52  Siege Tank x2  
  47  5:53  Siege Tank  
  56  6:03  Siege Tank  
  59  6:24  Command Center  
  60  6:32  SCV  
  60  6:44  SCV  
  61  6:57  SCV  
  62  7:14  Siege Tank x3  
  62  7:15  Siege Tank  
  73  7:47  Supply Depot  
  58  8:30  Factory Tech Lab x2  
  55  8:48  Command Center  
  54  8:59  Siege Tank x3  
  54  9:00  Siege Tank  
  66  9:26  Command Center  
  66  10:03  Terran Vehicle Weapons Level 2  
  66  10:04  Terran Vehicle And Ship Armor Level 2  
  66  10:11  Thor x4  
  90  10:34  Refinery  
  90  10:35  SCV  
  91  10:47  SCV  
  92  10:59  SCV  
  92  11:00  Refinery  
  93  11:11  SCV  
  94  11:23  SCV  
  92  11:38  Thor x2  
  104  12:17  Engineering Bay  
  104  12:19  SCV  
  105  12:25  Terran Vehicle Weapons Level 3  
  105  12:26  Terran Vehicle And Ship Armor Level 3  
  105  12:31  SCV  
  106  12:43  SCV  
  107  12:47  Supply Depot  
  107  12:49  Supply Depot  
  107  12:50  Supply Depot  
  107  12:51  Supply Depot x2, Command Center  
  107  12:52  Supply Depot  
  107  12:53  Supply Depot  
  107  12:54  Supply Depot  
  107  12:55  SCV  
  107  12:57  Supply Depot  
  108  13:09  Thor, SCV  
  108  13:10  Thor  
  108  13:11  Thor  
  108  13:12  Thor  
  121  13:52  Thor  
  121  13:53  Thor, SCV  
  121  13:54  Thor  
  121  13:55  Thor  
  134  14:05  SCV x2  
  131  14:17  SCV  
  127  14:29  SCV  
  128  14:34  Thor  
  134  14:41  SCV  
  135  14:53  SCV  
  139  15:07  Siege Tank x3  
  145  15:17  Siege Tank  
  148  15:22  Refinery  
  148  15:23  Refinery  
  148  15:39  Siege Tank x3  
  157  15:56  Thor x15  
  157  16:22  Thor  
Show
View Real Time Build Order
Export as new Build Order

MrFercho Zerg 

Build Orders: Hatch First, Lurkers 

Get SALT Encoding   

  12  0:01  Drone  
  13  0:15  Overlord  
  13  0:19  Drone  
  14  0:39  Drone x2  
  16  1:00  Drone  
  16  1:01  Drone  
  18  1:07  Hatchery  
  17  1:12  Drone  
  17  1:17  Extractor  
  17  1:26  Spawning Pool  
  17  1:27  Drone  
  17  1:34  Drone  
  18  1:44  Drone  
  19  1:58  Drone  
  20  2:06  Overlord  
  20  2:16  Queen  
  20  2:18  Overlord  
  20  2:20  Queen  
  24  2:23  Zergling x2  
  24  2:28  Zergling x2  
  26  2:31  Metabolic Boost  
  26  2:32  Drone  
  27  2:37  Drone  
  28  2:55  Drone x3  
  31  3:07  Queen  
  31  3:11  Drone x3  
  31  3:12  Lair  
  36  3:17  Drone  
  37  3:24  Drone x2  
  39  3:29  Baneling Nest  
  39  3:33  Drone x3  
  41  3:34  Drone  
  41  3:37  Drone x2  
  41  3:39  Overlord  
  44  3:57  Zergling x2  
  45  4:03  Evolution Chamber  
  45  4:09  Overlord x2  
  44  4:12  Zergling x16  
  52  4:24  Centrifical Hooks  
  52  4:28  Zergling x4  
  52  4:30  Drone  
  55  4:42  Zergling x8  
  55  4:44  Hatchery  
  55  4:45  Overlord  
  58  4:51  Queen  
  60  4:57  Zerg Melee Weapons Level 1  
  60  5:05  Drone  
  61  5:08  Hatchery  
  61  5:11  Zergling x2  
  61  5:12  Zergling x6  
  64  5:18  Zergling x2  
  65  5:30  Zergling x2  
  65  5:31  Zergling x2  
  67  5:42  Zergling x2  
  68  5:43  Zergling x6  
  71  5:59  Spore Crawler  
  71  6:00  Drone  
  71  6:15  Zergling x18  
  80  6:23  Baneling x9  
  80  6:26  Zergling x2  
  80  6:27  Zergling x10  
  86  6:35  Zergling x4  
  86  6:38  Overlord x3  
  88  6:56  Queen  
  45  7:39  Drone x5  
  45  7:40  Drone x2  
  52  7:47  Hydralisk Den  
  52  7:49  Extractor  
  50  7:51  Zergling x2  
  50  7:52  Zergling x22  
  50  7:53  Zergling x4  
  64  7:59  Drone x12  
  64  8:03  Extractor  
  64  8:04  Extractor  
  74  8:19  Drone x2  
  77  8:20  Drone  
  77  8:21  Drone x3  
  80  8:27  Extractor, Zerg Missile Weapons Level 1  
  80  8:30  Extractor  
  78  8:34  Lurker Den  
  78  8:35  Drone, Spore Crawler  
  78  8:36  Drone x2  
  78  8:37  Drone x3  
  78  8:38  Drone x3  
  78  8:39  Drone  
  86  9:02  Baneling x2  
  86  9:06  Muscular Augments  
  86  9:11  Infestation Pit  
  86  9:13  Hydralisk  
  86  9:14  Hydralisk  
  89  9:34  Overlord x3  
  89  9:43  Overseer x3  
  89  9:46  Hydralisk  
  89  9:47  Hydralisk  
  89  9:48  Hydralisk x5  
  89  9:52  Pneumatized Carapace  
  103  9:54  Zergling x20  
  103  9:55  Zergling x30  
  128  10:04  Overlord x3  
  128  10:17  Grooved Spines  
  128  10:23  Hydralisk  
  128  10:24  Hydralisk x9  
  148  10:34  Hive  
  148  10:42  Hydralisk x2  
  129  11:08  Zerg Missile Weapons Level 2  
  129  11:12  Drone  
  129  11:13  Drone x13  
  143  11:18  Queen  
  143  11:22  Baneling x3  
  143  11:23  Baneling x4  
  128  11:57  Hydralisk x9  
  128  11:58  Hydralisk x3  
  152  12:16  Overlord x5  
  152  12:26  Spire  
  137  13:14  Lurker x9  
  137  13:15  Hydralisk, Lurker x5  
  137  13:17  Zergling x2  
  137  13:18  Zergling x42  
  137  13:19  Zergling x2  
  158  13:35  Spore Crawler  
  158  13:36  Spore Crawler  
  156  13:41  Spore Crawler  
  156  13:42  Spore Crawler  
  156  13:44  Spore Crawler  
  152  14:14  Hatchery  
  84  14:39  Hydralisk x15  
  84  14:40  Hydralisk  
  116  14:56  Seismic Spines, Zerg Missile Weapons Level 3  
  116  15:19  Drone x2  
  116  15:20  Drone x2  
  120  15:28  Hatchery  
  89  15:54  Hydralisk, Adaptive Talons  
  89  15:55  Hydralisk x3  
  88  16:34  Hydralisk  
  88  16:35  Hydralisk x2  
  94  16:53  Extractor  
  93  16:57  Extractor  
  68  17:19  Hydralisk x8  
Show
View Real Time Build Order
Export as new Build Order

tigro Terran 

Build Orders:  

Get SALT Encoding   

  12  0:16  SCV  
  13  0:22  Supply Depot  
  13  0:28  SCV  
  14  0:40  SCV  
  15  0:45  Supply Depot  
  15  0:50  Barracks  
  15  0:52  SCV  
  16  0:59  Refinery  
  16  1:14  SCV  
  17  1:23  Engineering Bay  
  17  1:26  SCV  
  18  1:38  SCV  
  18  1:39  Marine  
  20  1:50  SCV  
  21  1:57  Marine  
  22  2:06  Factory  
  22  2:12  Refinery  
  22  2:13  SCV  
  22  2:15  Marine  
  24  2:25  SCV  
  25  2:33  Marine  
  26  2:37  SCV  
  27  2:50  Orbital Command  
  27  2:51  Marine  
  28  2:52  Factory Tech Lab  
  28  3:09  Command Center  
  28  3:12  Terran Infantry Weapons Level 1  
  28  3:15  Siege Tank  
  31  3:21  Barracks Tech Lab  
  31  3:46  Combat Shield  
  31  4:23  Refinery  
  31  4:28  Missile Turret  
  31  4:39  SCV  
  32  4:48  Marine  
  32  4:51  SCV  
  34  5:02  Missile Turret  
  34  5:03  SCV  
  34  5:05  Stimpack, Marine  
  34  5:07  Terran Infantry Armor Level 1  
  36  5:13  Starport  
  36  5:15  SCV  
  37  5:23  Marine  
  37  5:25  Missile Turret  
  37  5:27  SCV  
  39  5:39  SCV  
  39  5:41  Marine  
  41  5:51  SCV  
  41  5:52  Medivac  
  41  5:53  Barracks  
  44  5:57  Missile Turret  
  44  5:59  Marine  
  44  6:03  SCV  
  46  6:17  Missile Turret  
  46  6:42  Marine  
  46  6:43  Marine  
  48  7:00  Marine x2  
  48  7:01  Hi-Sec Auto Tracking  
  50  7:05  Refinery  
  49  7:12  Fusion Core  
  47  7:18  Marine x2  
  45  7:36  Marine  
  41  7:52  Barracks Reactor  
  41  7:54  Marine  
  41  7:57  Starport Tech Lab  
  41  7:58  Neosteel Armor  
  42  8:12  Marine  
  43  8:23  Medivac  
  45  8:30  Marine  
  46  8:37  Armory  
  46  8:42  Marine x2  
  46  8:47  Marine  
  49  8:49  Command Center  
  49  8:53  Medivac  
  51  9:00  Marine x2  
  53  9:05  Marine  
  54  9:17  Marine  
  54  9:18  Marine  
  54  9:23  Marine  
  57  9:35  Marine  
  57  9:36  Marine  
  59  9:41  Marine  
  49  9:53  Marine x2  
  49  9:59  Marine  
  47  10:01  Missile Turret  
  47  10:11  Marine x2  
  49  10:16  Medivac, Marine  
  49  10:18  Weapon Refit  
  52  10:22  Planetary Fortress, Missile Turret  
  52  10:29  Marine x2  
  52  10:34  Marine  
  52  10:35  Terran Infantry Weapons Level 2  
  55  10:43  Missile Turret  
  55  10:47  Marine x2  
  57  10:52  Marine  
  51  11:03  Missile Turret, Terran Vehicle Weapons Level 1  
  51  11:04  Marine  
  51  11:05  Thor, Marine  
  51  11:09  Refinery  
  51  11:10  Marine  
  50  11:22  Marine x2  
  52  11:25  Missile Turret  
  52  11:28  Marine  
  50  11:40  Marine x2  
  50  11:45  Marine  
  50  11:46  Missile Turret  
  53  11:48  Thor  
  59  11:58  Marine x2, Refinery  
  59  11:59  Rapid Reignition System  
  61  12:03  Marine  
  62  12:16  Marine x2  
  62  12:21  Marine  
  65  12:24  Battlecruiser  
  71  12:31  Widow Mine  
  73  12:39  Marine  
  74  12:51  Terran Infantry Armor Level 2  
  62  12:53  Widow Mine  
  62  12:55  Advanced Ballistics  
  62  12:57  Terran Vehicle And Ship Armor Level 1  
  62  12:58  Marine x3  
  67  13:14  Widow Mine  
  67  13:15  Marine  
  67  13:16  Marine x2  
  72  13:33  Marine  
  72  13:34  Marine x2  
  74  13:35  Widow Mine  
  53  13:51  Marine x3  
  47  14:07  SCV  
  47  14:09  Marine x3  
  51  14:19  SCV  
  52  14:27  Marine x3  
  55  14:31  SCV  
  56  14:43  SCV  
  56  14:44  Marine  
  56  14:45  Marine x2  
  60  14:51  Terran Ship Weapons Level 1  
  60  14:56  SCV  
  61  15:02  Marine  
  61  15:03  Marine x2  
  61  15:07  Terran Infantry Weapons Level 3  
  64  15:09  Thor  
  70  15:19  Battlecruiser  
  70  15:20  Marine  
  77  15:31  Missile Turret  
  77  15:52  Supply Depot, Marine x2  
  77  15:54  Thor  
  70  15:59  Marine  
  69  16:10  Marine x2  
  67  16:13  Supply Depot  
  67  16:16  Marine  
  68  16:23  Medivac  
  70  16:28  Marine x2  
  72  16:34  Marine  
  72  16:37  Supply Depot  
  73  16:46  Marine x2  
  75  16:52  Marine  
  82  17:04  Marine x2  
  84  17:10  Marine  
  66  17:21  Marine  
  66  17:22  Marine  
  60  17:28  Marine  
Show
View Real Time Build Order
Export as new Build Order

TATORREA Protoss 

Build Orders:  

Get SALT Encoding   

  12  0:03  Probe  
  13  0:15  Probe  
  14  0:28  Pylon  
  14  0:34  Probe  
  15  0:50  Probe  
  16  0:57  Assimilator  
  16  1:00  Pylon  
  16  1:02  Probe  
  17  1:16  Gateway  
  17  1:19  Gateway  
  17  1:20  Probe (Chrono Boost)  
  18  1:31  Probe (Chrono Boost)  
  19  1:33  Assimilator  
  19  1:35  Probe (Chrono Boost)  
  20  1:49  Probe  
  21  2:01  Probe  
  22  2:14  Probe  
  23  2:16  Nexus  
  23  2:18  Pylon  
  23  2:20  Pylon  
  23  2:26  Cybernetics Core  
  23  2:31  Probe  
  24  2:37  Zealot  
  24  2:43  Probe  
  27  2:44  Zealot  
  29  2:55  Probe  
  30  3:07  Probe  
  31  3:16  Robotics Facility  
  31  3:18  Twilight Council  
  31  3:20  Probe  
  31  3:21  Pylon  
  31  3:22  Warp Gate (Chrono Boost)  
  32  3:30  Zealot  
  34  3:36  Zealot  
  34  3:39  Probe  
  38  3:41  Probe  
  38  3:50  Charge (Chrono Boost)  
  38  3:51  Probe  
  38  3:53  Probe  
  40  3:58  Gateway  
  40  4:03  Probe  
  40  4:05  Probe  
  42  4:10  Zealot  
  42  4:13  Zealot  
  42  4:16  Probe  
  47  4:18  Probe  
  48  4:28  Probe  
  48  4:29  Gateway  
  49  4:35  Probe  
  49  4:37  Assimilator  
  50  4:40  Probe  
  50  4:41  Assimilator  
  55  4:47  Probe  
  56  4:54  Warp Prism (Chrono Boost)  
  54  5:07  Stargate  
  54  5:10  Probe  
  54  5:11  Probe  
  56  5:15  Pylon  
  56  5:19  Pylon  
  56  5:22  Probe  
  56  5:23  Probe, Zealot x2  
  56  5:24  Zealot  
  56  5:25  Blink (Chrono Boost)  
  64  5:31  Zealot  
  64  5:34  Observer  
  67  5:52  Zealot x4  
  67  5:56  Immortal  
  79  6:13  Zealot x2  
  83  6:45  Zealot  
  85  6:59  Pylon  
  81  7:04  Pylon  
  81  7:06  Forge  
  81  7:07  Forge  
  81  7:08  Forge  
  81  7:11  Fleet Beacon  
  81  7:13  Gateway  
  81  7:15  Gateway  
  81  7:24  Pylon  
  81  7:28  Pylon  
  81  7:35  Nexus  
  81  7:36  Pylon  
  81  7:37  Zealot x3  
  81  7:38  Zealot  
  81  7:39  Pylon  
  87  7:58  Zealot x2  
  87  7:59  Zealot x2  
  91  8:19  Pylon  
  71  8:46  Probe x2  
  71  8:47  Probe  
  74  8:50  Photon Cannon  
  74  8:52  Photon Cannon  
  74  8:55  Photon Cannon  
  74  8:56  Photon Cannon  
  74  8:58  Probe x2  
  74  8:59  Probe  
  74  9:00  Stargate  
  77  9:03  Stargate  
  77  9:10  Probe, Unknown  
  77  9:11  Probe x2  
  77  9:16  Photon Cannon  
  70  9:18  Photon Cannon  
  64  9:27  Protoss Ground Armor Level 1 (Chrono Boost), Protoss Ground Weapons Level 1 (Chrono Boost), Protoss Shields Level 1 (Chrono Boost), Phoenix  
  64  9:31  Photon Cannon  
  66  9:32  Assimilator  
  66  9:33  Photon Cannon  
  66  9:36  Photon Cannon, Observer  
  66  9:37  Assimilator  
  67  9:48  Protoss Air Weapons Level 1 (Chrono Boost)  
  67  9:51  Tempest, Carrier  
  78  9:59  Probe x3  
  81  10:11  Stalker x3, Probe x3  
  81  10:12  Stalker  
  92  10:20  Void Ray  
  96  10:56  Zealot  
  96  10:57  Zealot  
  100  11:04  Tempest  
  100  11:10  Tempest  
  110  11:17  Tempest  
  115  11:23  Nexus  
  115  11:24  Pylon  
  115  11:25  Pylon  
  105  11:36  Gateway  
  105  11:38  Gateway  
  78  11:42  Zealot x5  
  78  11:43  Zealot  
  78  11:45  Gateway, Protoss Ground Armor Level 2, Protoss Ground Weapons Level 2  
  88  12:09  Observer  
  88  12:12  Tempest, Carrier  
  88  12:13  Carrier  
  106  12:31  Protoss Air Weapons Level 2 (Chrono Boost)  
  106  12:38  Zealot x2  
  98  12:50  Nexus  
  98  12:52  Pylon  
  98  12:56  Pylon  
  96  13:10  Zealot x4  
  96  13:11  Zealot x4  
  96  13:12  Zealot  
  112  13:34  Tempest x2, Carrier  
  126  14:19  Protoss Ground Weapons Level 3 (Chrono Boost), Protoss Shields Level 2 (Chrono Boost), Protoss Ground Armor Level 3 (Chrono Boost)  
  126  14:21  Zealot x3  
  126  14:22  Zealot x5  
  126  14:23  Zealot  
  80  15:06  Observer  
  70  15:09  Phoenix x3  
  76  15:33  Nexus  
  76  15:34  Phoenix x3  
  82  15:46  Observer  
  83  15:58  Zealot x3  
  83  15:59  Phoenix x3  
  83  16:00  Zealot  
  83  16:03  Pylon  
  97  16:05  Pylon  
  97  16:10  Assimilator  
  97  16:13  Probe x3  
  97  16:16  Assimilator  
  100  16:23  Phoenix  
  100  16:24  Phoenix  
  100  16:25  Probe  
  78  16:41  Stalker  
  78  16:42  Stalker x5  
  78  16:43  Stalker x3  
  62  17:11  Zealot  
  62  17:12  Zealot x4  
  62  17:13  Zealot  
Tags
 
Add a new tag
Caveats
  • Supply blocks, unpowered buildings, or Contaminate may cause inaccurate times.
  • Supply counts are checked every 10 seconds.